Map: Pylon LE

Players

HeroMarine - Winner!

  • Race: Terran Terran
  • Spawn Location: 11:00

Shino

  • Race: Zerg Zerg
  • Spawn Location: 5:00

VOD

Have the link to the VOD?

Description

HeroMarine vs Shino

Time

  • Played on: June 28, 2025, 10:56 a.m.
  • Length: 13:24
Show
View Real Time Build Order
Export as new Build Order

HeroMarine Terran - Winner!

Build Orders: Reaper Expand, Hellion Banshee 

Get SALT Encoding   

  12  0:00  SCV  
  13  0:12  SCV  
  14  0:17  Supply Depot  
  14  0:24  SCV  
  15  0:38  SCV  
  15  0:40  Barracks  
  16  0:43  Refinery  
  16  0:50  SCV  
  17  1:02  SCV  
  18  1:14  SCV  
  19  1:27  Orbital Command, Reaper  
  20  1:38  Command Center  
  20  1:47  Supply Depot  
  20  1:53  SCV  
  21  1:58  Marine  
  22  2:05  SCV  
  23  2:09  Factory  
  23  2:17  SCV  
  24  2:23  Barracks Reactor  
  24  2:29  SCV  
  25  2:41  SCV, Command Center  
  26  2:53  Orbital Command  
  26  2:54  SCV  
  27  3:04  Starport  
  27  3:06  SCV  
  27  3:07  Refinery  
  27  3:11  Hellion x2  
  32  3:18  SCV  
  32  3:19  SCV  
  34  3:22  Barracks Tech Lab  
  34  3:30  SCV  
  34  3:31  SCV  
  34  3:32  Hellion x2  
  40  3:42  SCV  
  40  3:43  SCV  
  40  3:47  Cloaking Field, Marine  
  43  3:53  Orbital Command  
  43  3:55  SCV x2  
  45  3:58  Hellion x2  
  45  4:00  Banshee  
  52  4:07  SCV x2  
  52  4:09  Barracks Tech Lab  
  54  4:11  Supply Depot  
  54  4:19  SCV x2  
  56  4:25  Barracks  
  56  4:26  SCV  
  56  4:27  Factory Reactor  
  56  4:28  Barracks  
  56  4:29  Marine  
  56  4:31  SCV x2  
  59  4:35  Supply Depot  
  61  4:38  SCV  
  61  4:42  Banshee  
  61  4:43  SCV x2  
  66  4:47  Marine  
  66  4:48  Stimpack  
  66  4:50  SCV  
  66  4:52  Refinery x2  
  68  4:55  SCV  
  68  4:56  SCV  
  68  4:58  Supply Depot  
  70  5:01  Engineering Bay  
  70  5:03  Engineering Bay  
  70  5:05  Marine  
  72  5:07  SCV  
  72  5:10  Orbital Command, SCV  
  72  5:11  Supply Depot  
  73  5:19  SCV  
  74  5:23  Barracks x2  
  74  5:24  SCV  
  74  5:28  Marine x3  
  75  5:30  Marine x2  
  75  5:31  SCV  
  81  5:36  SCV  
  81  5:37  Starport Reactor  
  81  5:39  Siege Tank  
  81  5:42  Supply Depot  
  85  5:43  SCV  
  85  5:44  SCV  
  85  5:45  Supply Depot  
  85  5:46  Terran Infantry Armor Level 1, Terran Infantry Weapons Level 1, Marine  
  85  5:48  SCV  
  89  5:50  Marine x3  
  89  5:55  Marine  
  93  6:03  SCV x2  
  93  6:04  Supply Depot  
  93  6:05  Supply Depot  
  93  6:07  SCV  
  93  6:10  Marine x2  
  93  6:11  Barracks Reactor, Marine  
  95  6:12  Barracks Reactor, Marine  
  95  6:15  SCV x2  
  95  6:16  Marine  
  99  6:18  Supply Depot  
  99  6:19  Medivac, SCV  
  99  6:22  Medivac  
  104  6:27  SCV x2  
  104  6:28  Marine x2, Combat Shield, Supply Depot  
  104  6:30  Supply Depot  
  104  6:32  Supply Depot  
  108  6:35  Armory  
  108  6:38  Marine x2, Siege Tank  
  108  6:39  Marine  
  114  6:41  SCV  
  114  6:43  SCV  
  114  6:45  Refinery  
  114  6:46  Marine x2  
  118  6:47  Marine  
  118  6:48  Marine  
  118  6:49  Marine x2  
  122  6:56  Marine x3  
  122  6:57  Medivac  
  122  6:58  Medivac  
  129  7:04  Marine x2  
  129  7:05  Marine x2  
  129  7:06  Marine  
  129  7:07  Marine  
  135  7:08  Factory, Supply Depot  
  135  7:13  Supply Depot  
  135  7:14  Marine x2  
  135  7:15  Marine  
  137  7:18  Widow Mine  
  137  7:22  Marine x2  
  142  7:23  Marine x2  
  142  7:24  Marine x2  
  142  7:30  Sensor Tower, SCV x3  
  142  7:32  Medivac, Marine x2  
  142  7:33  Medivac, Marine  
  140  7:39  Marine  
  140  7:40  Marine  
  140  7:41  Marine  
  140  7:42  SCV x2  
  140  7:43  SCV  
  146  7:48  Terran Infantry Weapons Level 2  
  146  7:49  Terran Infantry Armor Level 2  
  146  7:54  SCV x2  
  146  7:55  SCV  
  146  7:56  Marine x4  
  153  7:59  Widow Mine  
  153  8:00  Marine  
  153  8:02  Marine x2  
  153  8:05  Medivac  
  158  8:06  SCV  
  158  8:08  Marine  
  158  8:11  Terran Vehicle Weapons Level 1  
  161  8:14  Factory Reactor, Marine x2  
  156  8:21  Marine  
  156  8:22  Command Center  
  156  8:26  Marine x5  
  160  8:29  Drilling Claws  
  160  8:31  Marine, Widow Mine  
  160  8:32  Marine  
  153  8:36  Marine  
  153  8:39  Marine  
  153  8:40  SCV x2  
  151  8:43  SCV  
  151  8:45  Marine x5  
  147  8:49  Marine x2  
  147  8:52  SCV x2  
  146  9:01  Widow Mine  
  146  9:02  Widow Mine x2  
  152  9:05  Command Center  
  151  9:10  Marine x4  
  151  9:12  Marine x2  
  151  9:17  Sensor Tower  
  157  9:27  Supply Depot  
  157  9:28  Supply Depot, Widow Mine  
  159  9:32  Supply Depot  
  159  9:33  Marauder  
  160  9:39  Barracks  
  160  9:40  Barracks  
  160  9:41  Barracks  
  160  9:42  Marine x3  
  163  9:46  Widow Mine  
  163  9:49  Widow Mine  
  163  9:50  Widow Mine  
  163  9:51  Marine x2, Supply Depot  
  168  9:53  Marine x2  
  168  9:54  Marauder, Supply Depot  
  173  10:04  Marine x2  
  173  10:05  Terran Infantry Weapons Level 3  
  173  10:07  Terran Infantry Armor Level 3  
  173  10:09  Medivac x2, Widow Mine  
  179  10:14  Marine  
  179  10:15  Marauder  
  179  10:16  Marine x3  
  179  10:17  Marine  
  179  10:18  Marine  
  187  10:21  Marine x2  
  187  10:26  Widow Mine x2  
  175  10:32  Marine  
  175  10:33  Marine  
  175  10:34  Marine  
  174  10:37  Marauder  
  174  10:41  SCV  
  174  10:42  SCV x2  
  169  10:54  SCV x3  
  170  11:01  Supply Depot  
  170  11:03  Barracks Tech Lab x3  
  170  11:04  Marine  
  170  11:05  Marauder  
  170  11:06  SCV x3  
  170  11:07  Marine  
  170  11:08  Marine  
  178  11:15  Terran Vehicle And Ship Armor Level 1  
  178  11:18  SCV x3  
  177  11:21  SCV  
  177  11:23  Marauder  
  180  11:25  Marine x5  
  180  11:27  Marauder  
  180  11:30  SCV x2  
  180  11:32  Marauder  
  186  11:37  Marine x3, Marauder  
  171  11:40  Widow Mine x2  
  171  11:43  Marine  
  171  11:46  Concussive Shells, Marauder  
  175  11:49  Marauder  
  175  11:50  Marine  
  175  11:53  Widow Mine  
  175  11:54  Marine x3  
  180  11:55  Marine  
  180  11:56  Marine  
  180  12:00  Marine x2  
  189  12:01  Marine x2, Widow Mine x2  
  186  12:09  Ghost Academy  
  186  12:15  Widow Mine  
  188  12:16  SCV x2  
  188  12:19  SCV  
  188  12:22  Planetary Fortress  
  158  12:28  SCV  
  158  12:29  SCV  
  156  12:30  Marauder x2  
  156  12:31  SCV, Widow Mine x2  
  156  12:36  Widow Mine  
  163  12:38  Marauder  
  163  12:39  Marauder  
  163  12:40  SCV  
  163  12:41  SCV  
  163  12:43  SCV  
  170  12:48  Marine x2  
  170  12:49  Marine  
  168  12:51  Marine, Marauder  
  168  12:53  SCV, Widow Mine  
  168  12:54  Marine  
  170  12:58  Supply Depot  
  170  13:01  Marauder x2  
  170  13:02  Marauder  
  170  13:03  SCV x2  
  177  13:05  SCV  
Show
View Real Time Build Order
Export as new Build Order

Shino Zerg 

Build Orders: Hatch First 

Get SALT Encoding   

  12  0:00  Drone  
  13  0:12  Overlord  
  13  0:16  Drone  
  14  0:31  Drone x2  
  16  0:46  Hatchery  
  16  0:49  Drone  
  16  0:52  Drone  
  16  0:56  Drone  
  18  1:06  Extractor  
  17  1:11  Spawning Pool  
  17  1:15  Drone  
  17  1:18  Drone  
  18  1:28  Drone  
  19  1:39  Drone  
  20  1:52  Drone  
  21  1:59  Queen x2  
  21  2:00  Zergling x2  
  21  2:01  Zergling x2  
  27  2:13  Overlord  
  27  2:14  Drone  
  28  2:22  Hatchery  
  27  2:27  Metabolic Boost  
  27  2:33  Drone  
  27  2:34  Drone  
  27  2:35  Drone  
  29  2:45  Queen  
  29  2:50  Drone x2  
  33  2:55  Overlord  
  33  2:58  Drone x2  
  35  3:02  Drone  
  36  3:05  Overlord  
  36  3:14  Drone x3  
  36  3:15  Drone  
  40  3:25  Queen  
  40  3:26  Queen  
  44  3:29  Drone x2  
  44  3:31  Drone  
  47  3:35  Drone x2  
  47  3:39  Queen  
  51  3:46  Drone x2  
  53  3:49  Zergling x2  
  53  3:50  Zergling x4  
  53  3:52  Overlord  
  53  3:55  Drone, Spore Crawler  
  57  4:07  Overlord  
  57  4:08  Drone  
  57  4:09  Queen  
  58  4:12  Overlord, Drone  
  58  4:14  Drone x2  
  58  4:16  Drone x2  
  65  4:23  Drone  
  66  4:25  Overlord, Queen  
  66  4:26  Drone x2  
  66  4:28  Drone  
  66  4:30  Drone  
  73  4:31  Drone  
  73  4:32  Drone  
  73  4:33  Drone  
  73  4:35  Drone  
  73  4:36  Zergling x2  
  77  4:40  Overlord  
  77  4:42  Overlord  
  77  4:44  Lair  
  77  4:47  Spore Crawler  
  77  4:49  Spore Crawler  
  77  4:51  Spore Crawler  
  77  4:52  Extractor  
  73  4:57  Drone x2, Zergling x4  
  73  4:59  Extractor  
  76  5:01  Drone x2  
  76  5:02  Baneling Nest  
  76  5:05  Drone x3  
  80  5:14  Hatchery  
  80  5:17  Queen  
  80  5:18  Drone  
  80  5:21  Drone, Extractor  
  81  5:24  Evolution Chamber x2, Zergling x4  
  81  5:36  Drone x10  
  81  5:40  Overlord  
  91  5:45  Overseer  
  91  5:46  Overseer  
  91  5:48  Centrifugal Hooks  
  91  5:49  Overlord, Drone  
  92  5:50  Drone x2  
  92  5:52  Overlord  
  92  5:54  Drone x2  
  92  5:56  Drone  
  97  5:57  Drone  
  97  5:59  Zerg Melee Weapons Level 1  
  97  6:03  Zergling x2  
  99  6:05  Zergling x6  
  99  6:07  Zergling x2  
  99  6:11  Overlord  
  103  6:15  Zerg Ground Armor Level 1  
  103  6:16  Hatchery  
  103  6:17  Zergling x2  
  103  6:18  Zergling x4  
  105  6:20  Overlord  
  105  6:27  Zergling x8  
  105  6:29  Zergling x6  
  112  6:38  Overlord  
  112  6:43  Drone x5  
  112  6:44  Infestation Pit, Zergling x2  
  112  6:45  Zergling x6  
  120  6:48  Baneling x8  
  120  6:54  Zergling x8  
  120  6:59  Hatchery, Spore Crawler  
  119  7:03  Zergling x8  
  119  7:05  Overseer  
  119  7:07  Overlord  
  121  7:09  Zergling x4  
  121  7:10  Zergling x4  
  121  7:12  Baneling x5  
  123  7:17  Zergling x10  
  123  7:21  Baneling x5  
  128  7:24  Drone x2  
  128  7:25  Extractor  
  128  7:27  Drone  
  128  7:28  Drone x2  
  131  7:35  Drone  
  131  7:36  Drone x2  
  125  7:38  Baneling  
  125  7:39  Baneling x2  
  125  7:40  Zergling x14  
  132  7:51  Zergling x20  
  137  7:59  Zerg Melee Weapons Level 2  
  137  8:02  Zergling x14  
  137  8:03  Hydralisk Den  
  143  8:06  Queen  
  143  8:07  Queen  
  143  8:11  Drone  
  148  8:19  Zergling x24  
  151  8:23  Baneling  
  151  8:24  Baneling x11  
  151  8:28  Zergling x14  
  151  8:33  Zergling x2  
  151  8:34  Zergling x4  
  153  8:36  Overseer  
  147  8:43  Zergling x16  
  147  8:44  Baneling x7  
  150  8:49  Extractor  
  150  8:55  Zergling x18  
  145  9:01  Zerg Ground Armor Level 2  
  152  9:03  Hatchery  
  152  9:07  Drone x4  
  152  9:08  Drone x2  
  156  9:10  Extractor x2  
  156  9:15  Hive  
  156  9:16  Zergling x4  
  156  9:18  Zergling x6  
  156  9:20  Hatchery  
  156  9:21  Baneling  
  156  9:22  Baneling x3, Zergling x4  
  160  9:30  Zergling x16  
  162  9:40  Drone x4  
  162  9:41  Drone  
  162  9:46  Pneumatized Carapace  
  162  9:49  Zergling x12  
  162  9:52  Zergling x4  
  163  10:03  Overlord x4  
  163  10:06  Grooved Spines  
  162  10:10  Baneling  
  162  10:11  Baneling x8, Zergling x2  
  162  10:12  Zergling x6  
  161  10:25  Zergling x20  
  161  10:26  Zergling x16  
  171  10:35  Baneling x13  
  166  10:38  Zergling x2  
  166  10:39  Zergling x6  
  165  10:44  Baneling x7  
  165  10:49  Overseer  
  163  10:56  Muscular Augments  
  155  10:59  Ultralisk Cavern  
  155  11:01  Drone x4  
  158  11:06  Zergling x2  
  158  11:07  Zergling x6  
  161  11:12  Extractor  
  161  11:17  Hatchery  
  145  11:21  Drone x6  
  145  11:22  Drone x2  
  153  11:26  Zergling x8  
  148  11:40  Drone x6  
  148  11:41  Ultralisk Cavern  
  148  11:44  Zergling x2  
  148  11:45  Zergling x28  
  156  11:53  Zergling x10  
  151  12:11  Hatchery  
  151  12:12  Baneling x10  
  126  12:23  Zergling x2  
  126  12:24  Zergling x26  
  126  12:28  Baneling x9  
  139  12:34  Zergling x2  
  136  12:49  Zergling x20  
  131  12:58  Zergling x10  
  128  13:12  Hatchery  
Tags
 
Add a new tag
Caveats
  • Supply blocks, unpowered buildings, or Contaminate may cause inaccurate times.
  • Supply counts are checked every 10 seconds.